[Event "*** Titled Tuesday Blitz"]
[Site "Chess.com"]
[Date "2020.11.03"]
[Round "5"]
[White "CzechmVIII"]
[Black "Walter_White_Poland"]
[Result "0-1"]
[WhiteElo "2138"]
[BlackElo "2351"]
[TimeControl "180+1"]
[EndTime "10:59:11 PST"]
[Termination "Walter_White_Poland won by resignation"]

1. e4 e5 2. Nf3 Nc6 3. Bb5 a6 4.
Ba4 Nf6 5. O-O b5 6. Bb3 Be7 7.
d4 d6 8. c3 Bg4 9. h3 Bxf3 10.
Qxf3 exd4 11. Qg3 O-O 12. Bh6 g6 13. Bxf8 Bxf8 14. Bd5 dxc3 15. Nxc3 Nxd5 16. Nxd5 Bg7 17. Rac1 Nd4 18. Qd3 c6 19. Ne3 Qa5 20. Nc2 c5 21. Nxd4 Bxd4 22. Qb3 Re8 23. Qd5 Qd8 24. b3 Qf6 25.
Rcd1 Qf4 26. Rxd4 cxd4 27. Qxd4 Rxe4 28. Qd5 Qe5 29. Qa8+ Kg7 30. Qxa6 Re1 31. Qc6 Rxf1+ 32. Kxf1 Qa1+ 33. Ke2 Qxa2+ 34. Kf1 Qxb3 35. Qxd6 Qc4+ 36.
Ke1 Qc3+ 37. Kd1 b4 38. Qd2 Qxd2+ 39. Kxd2 Kf6 40. Kd3 Ke5 41. Kc4 Ke4 42. Kxb4 Kd3 43. Kc5 Ke2 44. f4 Kf2 45. g4 Kf3 46. f5 gxf5 47.
gxf5 Ke4 48. Kd6 Kxf5 49. Ke7 f6 50. Kf7 Kg5 51. Kg7 h5 52. Kf7 f5 53. Ke6 f4 54.
h4+ Kxh4 55. Kf5 f3 56. Kg6 f2 57. Kh6 f1=Q 58. Kh7 0-1

[Event "*** Titled Tuesday Blitz"]
[Site "Chess.com"]
[Date "2020.11.03"]
[Round "5"]
[White "Semen_Khanin"]
[Black "LisikValera"]
[Result "1-0"]
[WhiteElo "2783"]
[BlackElo "2531"]
[TimeControl "180+1"]
[EndTime "10:59:12 PST"]
[Termination "Semen_Khanin won by resignation"]

1. c4 c6 2. Nf3 d5 3. b3 Nf6 4. Bb2 Bf5 5. g3 e6 6. Bg2 Be7 7. O-O O-O 8. d3 Nbd7 9. Nbd2 h6 10. Qc2 Bh7 11. Rfe1 a5 12. a3 Nc5 13. Bc3 Nfd7 14. Qb2 Bf6 15. d4 Ne4 16. Nxe4 Bxe4 17. Nd2 Bxg2 18.
Kxg2 b5 19. e4 Be7 20. Qc2 a4 21. cxd5 cxd5 22. exd5 exd5 23. Bb4 Bxb4 24. axb4 Nb6 25. Qc6 axb3 26. Rxa8 Nxa8 27. Nxb3 Nc7 28. Nc5 Qc8 29.
Re7 Ne6 30. Qxd5 Ng5 31. h4 Qh3+ 32. Kg1 Ne6 33. Nxe6 fxe6 34. Qxe6+ Qxe6 35. Rxe6 Rd8 36. Re4 Kf7 37. Kf1 Kf6 38. Ke2 Rc8 39. Kd3 Rc1 40. Re5 Rd1+ 41. Ke3 Re1+ 42. Kd2 Rxe5 43. dxe5+ Kxe5 44.
Ke3 Kd5 45. Kd3 Ke5 46. h5 Kd5 47.
f4 Ke6 48. Kd4 Kf5 49. Kc5 Kg4 50. Kxb5 Kxh5 51. Kc4 Kg4 52. b5 Kxg3 53. b6 h5 54. b7 h4 55. b8=Q h3 56. f5+ Kg2 57. Qe5 h2 58.
Qxg7+ Kh1 59. Qh6 1-0

[Event "*** Titled Tuesday Blitz"]
[Site "Chess.com"]
[Date "2020.11.03"]
[Round "5"]
[White "GMKrikor"]
[Black "Zq1"]
[Result "1-0"]
[WhiteElo "2770"]
[BlackElo "2511"]
[TimeControl "180+1"]
[EndTime "10:59:13 PST"]
[Termination "GMKrikor won by resignation"]

1. e4 c5 2. Nf3 d6 3. d4 cxd4 4. Nxd4 Nf6 5. Nc3 Nc6 6. Bg5 e6 7. Qd2 Be7 8. O-O-O O-O 9. f4 h6 10. h4 e5 11. Nf5 Bxf5 12. exf5 exf4 13. Bxf4 Qa5 14.
Kb1 Qxf5 15. Bd3 Qa5 16. g4 Nxg4 17. Qg2 h5 18. Nd5 Rfe8 19. Bd2 Qc5 20. Nc7 Nce5 21. Nxa8 Nxd3 22. cxd3 Rxa8 23. Qxb7 Re8 24. Rhe1 Kf8 25. Rc1 Qf5 26. Ka1 Ne5 27. Rf1 Qxd3 28. Bc3 Bf6 29. Qxa7 Qd5 30. Rfd1 Qe6 31. Qa6 Rd8 32. Ba5 Rd7 33.
Qc8+ Qe8 34. Bb4 Qxc8 35. Rxc8+ Ke7 36. a4 Ra7 37. Bxd6+ Ke6 38. Re8+ Kf5 39. Rf1+ Ke4 40. Bxe5 Rxa4+ 41. Kb1 Bxh4 42. Bxg7+ Kd3 43. Bf6 Bg3 44. Rf3+ 1-0

[Event "*** Titled Tuesday Blitz"]
[Site "Chess.com"]
[Date "2020.11.03"]
[Round "5"]
[White "MarcoRiehle"]
[Black "Superfelix"]
[Result "0-1"]
[WhiteElo "2703"]
[BlackElo "2464"]
[TimeControl "180+1"]
[EndTime "10:59:13 PST"]
[Termination "Superfelix won by resignation"]

1. e4 c6 2. c4 g6 3. Nc3 Bg7 4.
d4 d6 5. f3 h5 6. Nge2 Nd7 7.
Be3 a6 8. Qd2 e5 9. d5 c5 10.
Nc1 Ngf6 11. Bd3 h4 12. N1e2 Nh5 13. g4 Nf4 14. Nxf4 exf4 15. Bxf4 Ne5 16. Be2 h3 17. Rg1 Bf6 18. O-O-O Bd7 19. Be3 g5 20. f4 gxf4 21.
Bxf4 Qe7 22. g5 Bg7 23. Rdf1 Ng6 24. Be3 O-O-O 25. Bg4 Bxg4 26. Rxg4 Be5 27. Rgg1 Rde8 28. Na4 Kb8 29. a3 Rc8 30. Kb1 Rc7 31. Ka2 Rh4 32. Qc2 Bh8 33. Rf3 Rxe4 34. Re1 Bd4 35. Qd2 Ne5 36. Rxh3 Nxc4 37. Qd3 Nxe3 38. Nb6 c4 39. Qe2 Bxb6 40. Rh8+ Ka7 41. Qh5 Nf5 42. Rf1 Re5 43. Qh7 Bd4 44. Qg8 Kb6 45. Qb8 Qxg5 46. Rh3 Qd2 47. Rhf3 0-1

[Event "*** Titled Tuesday Blitz"]
[Site "Chess.com"]
[Date "2020.11.03"]
[Round "5"]
[White "Chessbard1972"]
[Black "picturesquecheck"]
[Result "0-1"]
[WhiteElo "2271"]
[BlackElo "2130"]
[TimeControl "180+1"]
[EndTime "10:59:13 PST"]
[Termination "picturesquecheck won by resignation"]

1. d4 Nf6 2. c4 e6 3. Nf3 d5 4. Nc3 dxc4 5. e3 a6 6. a4 c5 7. Bxc4 Nc6 8. O-O Be7 9. Qe2 O-O 10. Rd1 cxd4 11. exd4 Nb4 12. Bg5 Bd7 13. Ne5 Nfd5 14. Bd2 Rc8 15. Bb3 Bc6 16. Ne4 a5 17. Rac1 Nf6 18.
Bxb4 Bxb4 19. Nc5 Nd5 20. Qg4 Nf6 21. Qg3 Bxc5 22. dxc5 Qc7 23. Nxc6 Qxc6 24. f3 Qc7 25. Qxc7 Rxc7 26. g4 Rfc8 27. Rc3 h6 28. Rdc1 Nd7 29. Bc4 Rxc5 30. b3 Nb6 31. Kf2 Nd5 32. Rd3 Nb6 33. Rd4 Kf8 34. h4 Ke7 35. Rcd1 R8c7 36. Bb5 Rc2+ 37.
Kg3 Nd5 38. Bc4 Ne3 39. Rb1 g5 40. h5 f5 41. Rd3 Nxc4 42. bxc4 f4+ 43. Kh3 R2xc4 44.
Ra1 Rc3 45. Rd4 Rxf3+ 46. Kg2 Rg3+ 47. Kf2 Rc2+ 48. Kf1 Rf3+ 49. Ke1 Rh3 50. Kd1 Rg2 51. Re4 Rh1+ 52. Re1 Rxe1+ 53. Kxe1 Rg1+ 54. Kd2 Rxa1 55. Kd3 Rxa4 56. Kc3 f3 0-1

[Event "*** Titled Tuesday Blitz"]
[Site "Chess.com"]
[Date "2020.11.03"]
[Round "5"]
[White "gumimis"]
[Black "IngOscarArdila"]
[Result "0-1"]
[WhiteElo "2239"]
[BlackElo "2125"]
[TimeControl "180+1"]
[EndTime "10:59:13 PST"]
[Termination "IngOscarArdila won on time"]

1. e4 e5 2. Nf3 Nc6 3. Bb5 a6 4.
Ba4 Nf6 5. O-O b5 6. Bb3 Be7 7. Re1 O-O 8. c3 d6 9. h3 Na5 10. Bc2 c5 11. d4 Qc7 12. Nbd2 Re8 13. Nf1 g6 14. Ne3 Bb7 15. d5 Bc8 16. b4 cxb4 17. cxb4 Nc4 18. a4 Bd7 19. Qe2 Rec8 20. Bd3 Nh5 21.
axb5 Bxb5 22. Nxc4 Bxc4 23. Be3 Nf4 24. Bxf4 exf4 25.
Ra4 Qd7 26. Rea1 Bxd3 27. Qd2 Bb5 28. Ra5 Bf6 29. R1a2 Bd8 30. R5a3 Qe7 31. Qxf4 Bb6 32. e5 Rc4 33. exd6 Qd7 34. Qf6 Bd8 35. Ne5 Bxf6 36.
Nxd7 Bxd7 37. Rxa6 Rxa6 38. Rxa6 Be5 39. g3 Bxh3 40. Ra7 Bxd6 41. b5 Rc1+ 42. Kh2 Bg4 43. Kg2 Rc3 44. b6 Bf3+ 45. Kh3 Rc1 46. Kh4 h6 47.
Ra8+ Kg7 0-1

[Event "*** Titled Tuesday Blitz"]
[Site "Chess.com"]
[Date "2020.11.03"]
[Round "5"]
[White "Vanina1989"]
[Black "Sanan_Sjugirov"]
[Result "0-1"]
[WhiteElo "2603"]
[BlackElo "2844"]
[TimeControl "180+1"]
[EndTime "10:59:14 PST"]
[Termination "Sanan_Sjugirov won by checkmate"]

1. d4 Nf6 2. c4 e6 3. Nf3 d5 4. Nc3 Nbd7 5. Bg5 Bb4 6. e3 c5 7.
cxd5 exd5 8. Bb5 O-O 9. O-O Bxc3 10. bxc3 Qa5 11. Bxd7 Nxd7 12. dxc5 Qxc5 13. Nd4 Nb6 14. Rc1 Bd7 15. Nb3 Qc4 16. Qf3 Rfe8 17. h3 Rac8 18. Qg3 Re6 19. Rfd1 Rg6 20. Rd4 Qe2 21.
Qh4 Qxa2 22. Nd2 Qa3 23. Rb1 Qxc3 24. Nf3 f6 25. Bf4 Bf5 26. Rbd1 Be4 27. Ne1 Qb3 28. f3 Bf5 29. Qh5 Be6 30. e4 Bf7 31. Qf5 Re8 32. R4d3 Qa2 33. R3d2 Qc4 34. exd5 Qc5+ 35. Kh2 Nc4 36.
Rc2 b5 37. Qd3 Qc8 38. d6 Qd7 39. Qd4 h6 40. Nd3 Qf5 41. Nc5 Qxc2 42. d7 Qxg2# 0-1

[Event "*** Titled Tuesday Blitz"]
[Site "Chess.com"]
[Date "2020.11.03"]
[Round "5"]
[White "PotapovaM"]
[Black "dpopadic"]
[Result "1-0"]
[WhiteElo "2603"]
[BlackElo "2420"]
[TimeControl "180+1"]
[EndTime "10:59:14 PST"]
[Termination "PotapovaM won on time"]

1. e4 c5 2. g3 Nc6 3. Bg2 g6 4.
d3 Bg7 5. Ne2 Rb8 6. O-O d6 7. c3 Nf6 8. d4 O-O 9. h3 e5 10. Be3 Qe7 11. Nd2 Bd7 12. dxc5 dxc5 13. Nc4 Be6 14. Nd2 Rbd8 15. Qc2 Rd7 16. b3 Rfd8 17.
Nc4 Bxc4 18. bxc4 Na5 19. Qa4 b6 20. Rfe1 Qe6 21. Bxc5 Qxc4 22. Bb4 Nxe4 23. Qc2 Nf6 24.
Qc1 Nc6 25. Ba3 Rd2 26. Bf1 Qa4 27. Bb2 Rc2 28. Qb1 Rdd2 29. Bc1 Rd8 30. Bg5 h6 31. Bc1 Na5 32. Qb4 Qxb4 33. cxb4 Nc6 34. b5 Na5 35.
Be3 Nd5 36. Bg2 Nxe3 37. fxe3 Nc4 38. Kf2 Rdd2 39. Be4 Kf8 40. Bxc2 1-0

[Event "*** Titled Tuesday Blitz"]
[Site "Chess.com"]
[Date "2020.11.03"]
[Round "5"]
[White "VladaSviridova"]
[Black "rugbyclub"]
[Result "0-1"]
[WhiteElo "2275"]
[BlackElo "2205"]
[TimeControl "180+1"]
[EndTime "10:59:14 PST"]
[Termination "rugbyclub won on time"]

1. d4 d5 2. c4 e6 3. Nf3 a6 4.
cxd5 exd5 5. Nc3 Be6 6. Bf4 Bd6 7. Bg3 Nf6 8. e3 O-O 9. Bd3 Nbd7 10. Bxd6 cxd6 11.
O-O Rc8 12. Rc1 Nb6 13. b3 Re8 14. h3 Nbd7 15. Ng5 h6 16. Nxe6 fxe6 17. Bb1 Qa5 18.
Qd3 Rc7 19. Ne2 e5 20. Rxc7 Qxc7 21. Rc1 Qb8 22. Qf5 Kf8 23. Ng3 Rc8 24. Rxc8+ Qxc8 25. Qc2 Qd8 26. Nf5 Nb6 27. dxe5 dxe5 28. Qc5+ Kg8 29. Nd6 Nbd7 30. Qc2 b6 31. Qf5 Qe7 32. Nc8 Qc5 33. Na7 b5 34. Qe6+ Kf8 35. Bg6 Qe7 36. Qc6 Ne8 37. Qc8 Nb6 38. Qb8 Nd7 39. Qxe8+ Qxe8 40. Bxe8 Kxe8 41. Nc8 Kd8 42. Nd6 Kc7 43. Nf5 Kc6 44.
Nxg7 d4 0-1

[Event "*** Titled Tuesday Blitz"]
[Site "Chess.com"]
[Date "2020.11.03"]
[Round "5"]
[White "MartinZumsande"]
[Black "GM_Huschenbeth"]
[Result "1-0"]
[WhiteElo "2596"]
[BlackElo "2368"]
[TimeControl "180+1"]
[EndTime "10:59:15 PST"]
[Termination "MartinZumsande won on time"]

1. e4 e5 2. Nf3 Nc6 3. Bc4 Nf6 4.
d3 h6 5. O-O d6 6. c3 g5 7.
Nbd2 Bg7 8. Bb3 O-O 9. Nc4 a5 10.
Ne3 Be6 11. Bc2 d5 12. Qe2 d4 13. Nf5 Bxf5 14. exf5 Re8 15. Nd2 Nd5 16. Ne4 Nf4 17. Bxf4 exf4 18. Qh5 a4 19. f6 Bf8 20. h4 Rxe4 21.
dxe4 Qxf6 22. hxg5 hxg5 23. e5 Qh6 24. Qxh6 Bxh6 25.
Rfe1 a3 26. Rab1 axb2 27. Rxb2 dxc3 28. Rxb7 Rxa2 29. Bb3 Rb2 30. e6 fxe6 31. Bxe6+ Kf8 32. Rxc7 Nd4 33. Bg4 Bg7 34. Ra1 Rb8 35. Bd1 c2 36. Rc1 Rb1 37. R7xc2 Rxc1 38. Rxc1 Ke7 39. Bg4 Be5 40.
Re1 Kf6 41. f3 Nc2 42. Rc1 Bd4+ 43. Kf1 Ne3+ 44. Ke2 Nxg2 45. Kd3 Be5 46. Ke4 1-0

[Event "*** Titled Tuesday Blitz"]
[Site "Chess.com"]
[Date "2020.11.03"]
[Round "5"]
[White "Nuvas"]
[Black "KuzubovYuriy"]
[Result "0-1"]
[WhiteElo "2290"]
[BlackElo "2831"]
[TimeControl "180+1"]
[EndTime "10:59:16 PST"]
[Termination "KuzubovYuriy won by resignation"]

1. d4 Nf6 2. c4 e6 3. Nc3 Bb4 4.
g3 d5 5. Bg2 O-O 6. Nf3 dxc4 7.
O-O Nc6 8. Qa4 Rb8 9. Qb5 Bxc3 10. bxc3 Qd5 11. Qb1 Qa5 12. Qc2 e5 13. dxe5 Nxe5 14. Bf4 Nxf3+ 15. Bxf3 Re8 16. Rfd1 Bf5 17. Qb2 Be4 18.
Rd4 Bxf3 19. exf3 Qc5 20. Qd2 b6 21. h4 h6 22. Kg2 Re6 23. Re1 Rxe1 24. Qxe1 Re8 25.
Qf1 b5 26. Qd1 Qc6 27. Qd2 a6 28. g4 Nxg4 29. Bxc7 Nf6 30. Bg3 Qe6 31. Qf4 Nh5 32. Qd6 Qxd6 33. Rxd6 Re6 34. Rd8+ Kh7 35. Ra8 Nf6 36.
Bf4 Nd5 37. Bd2 Re2 38. Bc1 Rxa2 39. f4 Nxc3 40. Kf3 Nd5 41. Ke4 Nf6+ 42. Kf3 h5 43. Rb8 c3 44. Rc8 b4 45. Be3 Nd5 46. Bd4 Ne7 47.
Rc7 Nf5 48. Bxc3 bxc3 49. Rxc3 f6 50. Rc5 Kg6 51. Rc6 Nxh4+ 52. Kg3 Nf5+ 0-1

[Event "*** Titled Tuesday Blitz"]
[Site "Chess.com"]
[Date "2020.11.03"]
[Round "5"]
[White "HouseOfDurin"]
[Black "Everyfishknows"]
[Result "1-0"]
[WhiteElo "2209"]
[BlackElo "2400"]
[TimeControl "180+1"]
[EndTime "10:59:16 PST"]
[Termination "HouseOfDurin won by resignation"]

1. d4 Nf6 2. Bg5 Ne4 3. h4 d5 4. Nd2 Bf5 5. Nxe4 Bxe4 6. f3 Bf5 7. e3 h6 8. Bf4 e6 9. Bd3 Bxd3 10. Qxd3 c5 11.
dxc5 Nc6 12. Qc3 a5 13. Ne2 Qf6 14. Nd4 e5 15. Nxc6 exf4 16. Qxf6 gxf6 17. Nd4 Bxc5 18.
Kd2 Kd7 19. c3 fxe3+ 20. Kxe3 Rae8+ 21. Kd3 h5 22. Rae1 Rxe1 23. Rxe1 Rg8 24. Rg1 Rg3 25. Ke2 Bxd4 26. cxd4 f5 27. Ke3 Ke6 28. Kf4 Rg8 29.
Re1+ Kf6 30. g3 Rc8 31. Re5 Rc2 32. Rxd5 Rxb2 33. Rxf5+ Ke6 34. Rxa5 Rb4 35. Ke4 b5 36. Ra6+ Ke7 37. Rh6 Rb2 38. Rxh5 b4 39. Rb5 Re2+ 40. Kf4 Rb2 41. d5 Kd6 42. g4 Rxa2 43. Rxb4 Kxd5 44.
Re4 Ra8 45. h5 Rh8 46. Kg5 Kd6 47. h6 Rh7 48. Kh5 f6 49. f4 Kd5 50. Re8 Kd6 51. g5 fxg5 52. fxg5 Kd7 53. Re2 Rf7 54. Kg6 Rf1 55.
h7 Rh1 56. Kg7 Rg1 57. g6 Rh1 58. h8=Q 1-0

[Event "*** Titled Tuesday Blitz"]
[Site "Chess.com"]
[Date "2020.11.03"]
[Round "5"]
[White "Shota_Azaladze"]
[Black "NiranjanNavalgund"]
[Result "1-0"]
[WhiteElo "2627"]
[BlackElo "2453"]
[TimeControl "180+1"]
[EndTime "10:59:17 PST"]
[Termination "Shota_Azaladze won by resignation"]

1. Nf3 Nf6 2. d3 g6 3. Nbd2 Bg7 4. e4 d6 5. Be2 e5 6. O-O O-O 7. c3 a5 8. Re1 a4 9. Nc4 b5 10. Ne3 c6 11. Bf1 Ng4 12. h3 Nh6 13. d4 Qc7 14. d5 Bb7 15. c4 bxc4 16. dxc6 Nxc6 17. Nd5 Qd8 18. Bxc4 Kh8 19. Be3 f5 20. Bb6 Qd7 21. Nc7 fxe4 22. Ng5 Nd4 23. Nxa8 Bxa8 24. Bxd4 exd4 25. Nxe4 d5 26. Nc5 Qc6 27. Ne6 dxc4 28. f3 d3 29. Nxf8 Bxf8 30. Qd2 Bc5+ 31. Kh1 Nf5 32.
Qc3+ Bd4 33. Qb4 Bc5 34. Qc3+ Kg8 35. Qxc4+ Kg7 36. Qxd3 Bf2 37. Rac1 Qf6 38. Rc7+ Kh6 39. Qd2+ Qg5 40. Qxf2 Qf4 41. Ra7 Bd5 42. b3 axb3 43. axb3 Ng3+ 44. Kg1 Nf5 45. b4 Qxb4 46. Rd7 Bc6 47.
Qd2+ Qxd2 48. Rxd2 Kg5 49. Kf2 h5 50. Rc1 Ba4 51. Rc5 Kf6 52. Ra2 Bb3 53. Ra6+ Kg7 54. Rxf5 gxf5 55. Ke3 Bc4 56. Rb6 Bf1 57. Rb2 Kg6 58.
Kf4 Kf6 59. h4 Kg6 60. Rb6+ Kg7 61. g3 Bd3 62. Kg5 Be2 63. f4 Bg4 64. Rg6+ Kf7 65. Rf6+ Kg7 66. Rxf5 Bxf5 67. Kxf5 1-0

[Event "*** Titled Tuesday Blitz"]
[Site "Chess.com"]
[Date "2020.11.03"]
[Round "5"]
[White "mr_gustavo"]
[Black "Iskusnyh"]
[Result "0-1"]
[WhiteElo "2409"]
[BlackElo "2579"]
[TimeControl "180+1"]
[EndTime "10:59:17 PST"]
[Termination "Iskusnyh won on time"]

1. e4 e6 2. d4 d5 3. Nd2 c5 4. exd5 Qxd5 5. dxc5 Nf6 6. Ngf3 Qxc5 7. Bd3 Nbd7 8. O-O Qc7 9. Qe2 Be7 10. Rd1 Nc5 11.
Bb5+ Bd7 12. Bxd7+ Ncxd7 13. Ne4 Nxe4 14. Qxe4 O-O 15.
Bf4 Nf6 16. Bxc7 Nxe4 17. Rd4 Rac8 18. Bf4 f5 19. Rd7 Bf6 20. c3 Nc5 21. Rd6 Rfd8 22. Rad1 Rxd6 23. Rxd6 Na4 24. Be5 Be7 25. Rxe6 Kf7 26. Nd4 Nc5 27. Rxe7+ Kxe7 28. Bxg7 Kf7 29. Nxf5 Rd8 30. Bd4 Na4 31. b3 Nxc3 32. g3 Ne2+ 33. Kg2 Nxd4 34. Ne3 Ne6 35. Kf3 Rd2 36. a4 Rb2 37.
Nc4 Rxb3+ 38. Ke4 Rb4 39. Kd5 Rxa4 40. Nd6+ Ke7 41. Nxb7 Ra2 42. f4 Rxh2 43. f5 Ng5 44. Nc5 Rd2+ 45. Ke5 Nf7+ 46. Kf4 a5 47. Nb3 Rf2+ 48.
Kg4 a4 49. Nd4 a3 0-1

[Event "*** Titled Tuesday Blitz"]
[Site "Chess.com"]
[Date "2020.11.03"]
[Round "5"]
[White "gilbert_gm"]
[Black "Bodnar_Mykola"]
[Result "1-0"]
[WhiteElo "2578"]
[BlackElo "2405"]
[TimeControl "180+1"]
[EndTime "10:59:17 PST"]
[Termination "gilbert_gm won by resignation"]

1. e4 c5 2. Nf3 d6 3. Bb5+ Bd7 4. Bxd7+ Qxd7 5. O-O Nc6 6. c3 Nf6 7. Re1 g6 8. d4 cxd4 9. cxd4 Bg7 10. d5 Ne5 11. Nxe5 dxe5 12. Nc3 O-O 13. Bg5 Rac8 14. Qd3 Ne8 15.
Rac1 Nd6 16. h3 f5 17. Bd2 Rxc3 18. Bxc3 Nxe4 19. Rxe4 fxe4 20. Qxe4 Rf4 21. Qd3 b5 22. Re1 Rf5 23. Rd1 a6 24. Qe3 h5 25. Qb6 Rf6 26.
Qc5 Rd6 27. Kh2 Qd8 28. Qa7 Qf8 29. Qe3 Qf5 30. f3 Kh7 31. Qe4 Qf6 32. Bb4 Rd7 33. Rc1 Bh6 34. Rc6 Qf7 35. h4 Qxd5 36. Qxg6+ Kh8 37.
Qxh6+ Kg8 38. Qg6+ Kf8 39. Rc8+ Rd8 40. Rxd8+ Qxd8 41. Qf6+ Ke8 42. Qxe5 Qd7 43. Qxe7+ Qxe7 44. Bxe7 Kxe7 45. g4 hxg4 46. fxg4 Kf6 47. Kg3 b4 48.
Kf4 a5 49. g5+ Kg6 50. Kg4 a4 51. h5+ Kf7 52. b3 axb3 53. axb3 Ke6 54. h6 Kd5 55. h7 Kd4 56. h8=Q+ Kd3 57. Qg8 Kc2 58. Qc4+ Kb2 59. g6 1-0

[Event "*** Titled Tuesday Blitz"]
[Site "Chess.com"]
[Date "2020.11.03"]
[Round "5"]
[White "PIwan"]
[Black "Lysiak_Poltorak"]
[Result "1-0"]
[WhiteElo "2530"]
[BlackElo "2365"]
[TimeControl "180+1"]
[EndTime "10:59:17 PST"]
[Termination "PIwan won by resignation"]

1. c4 Nf6 2. Nc3 d5 3. cxd5 Nxd5 4. Nf3 c5 5. e3 Nc6 6. Bb5 Nc7 7. Ba4 Bd7 8. O-O g6 9. d4 e6 10. e4 cxd4 11.
Nxd4 Bg7 12. Nxc6 Bxc6 13. Bxc6+ bxc6 14. Qa4 O-O 15. Qxc6 Rc8 16. Qa4 Qe7 17. Qxa7 Qb4 18. a3 Qc4 19. Qa4 Qxa4 20. Nxa4 Nb5 21. Be3 Rc2 22.
Rac1 Re2 23. Rfe1 Rxe1+ 24. Rxe1 Nd6 25. Bc5 Ra8 26. Bxd6 Rxa4 27. e5 Bh6 28. Bb4 Ra8 29. Rd1 Rc8 30. Be7 Bf4 31. Bf6 Bc1 32. a4 Bxb2 33.
Rd8+ Rxd8 34. Bxd8 Bxe5 35. a5 Bc3 36. Bb6 Be5 37.
a6 Bb8 38. a7 Bxa7 39. Bxa7 Kg7 40. f3 f5 41. Kf2 e5 42. Ke3 Kf6 43. Bb8 Ke6 44. f4 exf4+ 45. Kxf4 h6 46. h4 Kf6 47. Be5+ Ke6 48. Bg7 h5 49. Kg5 Kf7 50. Bb2 1-0

[Event "*** Titled Tuesday Blitz"]
[Site "Chess.com"]
[Date "2020.11.03"]
[Round "5"]
[White "Keures"]
[Black "MoreChessJulia"]
[Result "1-0"]
[WhiteElo "2310"]
[BlackElo "2063"]
[TimeControl "180+1"]
[EndTime "10:59:17 PST"]
[Termination "Keures won by resignation"]

1. d4 g6 2. c4 Bg7 3. Nc3 c5 4. Nf3 Nc6 5. e3 cxd4 6. exd4 d6 7. h3 Nh6 8. a3 Nf5 9. d5 Ncd4 10. Nxd4 Nxd4 11. g4 h5 12. Be3 e5 13. dxe6 Nxe6 14. Be2 Bxc3+ 15. bxc3 hxg4 16. Bxg4 Qc7 17. Bd4 Rh7 18.
Qe2 Bd7 19. Bf6 Kf8 20. Rd1 Rc8 21. O-O Kg8 22. Rfe1 Nf4 23. Qe3 Nxh3+ 24. Bxh3 Rxh3 25. Qd4 Bc6 26. f3 d5 27. Be5 Qd8 28. Kg2 Rh4 29. Rh1 Qg5+ 30. Kf2 f6 31. Qxh4 Qxh4+ 32. Rxh4 fxe5 33.
cxd5 Bb5 34. d6 Kg7 35. c4 Bc6 36. c5 Rf8 37. d7 Rd8 38. Rb4 Rxd7 39. Rxd7+ Bxd7 40.
Rxb7 Kf6 41. Rxd7 Ke6 42. c6 a5 43. Ke3 a4 44. Ke4 g5 45. Rd1 1-0

[Event "*** Titled Tuesday Blitz"]
[Site "Chess.com"]
[Date "2020.11.03"]
[Round "5"]
[White "LubovMarkelova"]
[Black "grandcoach"]
[Result "1-0"]
[WhiteElo "2232"]
[BlackElo "2076"]
[TimeControl "180+1"]
[EndTime "10:59:18 PST"]
[Termination "LubovMarkelova won on time"]

1. Nf3 c5 2. c4 Nc6 3. Nc3 e5 4. g3 g6 5. Bg2 Bg7 6. O-O Nge7 7. a3 O-O 8. Rb1 a5 9. Ne1 f5 10. Nc2 f4 11. d3 d6 12. Nd5 g5 13. b4 axb4 14.
axb4 Bg4 15. bxc5 dxc5 16. Rxb7 Ra2 17. Rb2 Ra7 18. Rb5 Qd6 19. Ba3 Rxa3 20. Nxa3 Nd4 21. f3 Nxd5 22. cxd5 Nxb5 23. Nxb5 Qd7 24. Qb3 Bf5 25.
g4 Bg6 26. Qc4 Bf7 27. Qxc5 Rc8 28. Qb6 Bxd5 29. Rb1 h6 30. Kh1 Qc6 31. Qxc6 Rxc6 32. Na7 Rc2 33. Bf1 Bf8 34. Nb5 Bc5 35. Kg2 Be3 36.
Na3 Rd2 37. Nc4 Bxc4 38. dxc4 Rc2 39. Rb4 Kf7 40. Ra4 Ke6 41. h4 gxh4 42. Kh3 Rc1 43.
Bg2 1-0

[Event "*** Titled Tuesday Blitz"]
[Site "Chess.com"]
[Date "2020.11.03"]
[Round "5"]
[White "Chessalary"]
[Black "DryCounty"]
[Result "1-0"]
[WhiteElo "2418"]
[BlackElo "2560"]
[TimeControl "180+1"]
[EndTime "10:59:20 PST"]
[Termination "Chessalary won by resignation"]

1. d4 Nf6 2. c4 g6 3. Nc3 Bg7 4. e4 O-O 5. g3 d6 6. Bg2 c5 7.
Nge2 cxd4 8. Nxd4 Nc6 9. Be3 Bd7 10. O-O Ng4 11. Nxc6 Nxe3 12. Nxd8 Nxd1 13. Rfxd1 Rfxd8 14. Nd5 Kf8 15. Rab1 e6 16. Ne3 Bc6 17. b3 a5 18. a4 Ke7 19. Kf1 Ra6 20. Ke2 Rb6 21. f4 Ra6 22. Rd3 Raa8 23. Rbd1 h5 24. Kf2 h4 25.
R3d2 Bc3 26. Rd3 Bb4 27. Nc2 Bc5+ 28. Ne3 hxg3+ 29. Kxg3 Rh8 30. Re1 Kf8 31. e5 dxe5 32. fxe5 Bxg2 33. Nxg2 Ke7 34. Nf4 Rhd8 35. Rf3 Rd2 36.
Ref1 f5 37. exf6+ Kf7 38. Nh3 Bd6+ 39. Kg4 Rg2+ 40. Rg3 Bxg3 41. hxg3 e5 42. Ng5+ Kg8 43. f7+ Kf8 44. Ne6+ Ke7 45. f8=Q+ Rxf8 46. Nxf8 Rb2 47. Nxg6+ Ke6 48. Re1 Rxb3 49. Nxe5 Kd6 50. Kf4 Kc5 51. g4 Kb4 52. g5 Kxa4 53. g6 Rb2 54. Rg1 Rf2+ 55. Nf3 Re2 56. g7 Re8 57. g8=Q Rxg8 58. Rxg8 Kb3 59. Rb8 Kxc4 60. Rxb7 a4 61. Nd2+ Kc3 62.
Nb1+ Kc2 63. Na3+ 1-0

[Event "*** Titled Tuesday Blitz"]
[Site "Chess.com"]
[Date "2020.11.03"]
[Round "5"]
[White "sokidze"]
[Black "Kotofeyca"]
[Result "1-0"]
[WhiteElo "2537"]
[BlackElo "2370"]
[TimeControl "180+1"]
[EndTime "10:59:20 PST"]
[Termination "sokidze won by checkmate"]

1. e4 c5 2. Nf3 d6 3. d4 cxd4 4. Nxd4 Nf6 5. Nc3 a6 6. h3 e6 7. g4 b5 8. g5 Nfd7 9. a3 Be7 10.
h4 Bb7 11. Be3 Nc6 12. Rg1 g6 13. h5 Nxd4 14. Qxd4 e5 15. Qd2 Nc5 16. f3 gxh5 17. Nd5 Ne6 18. Bh3 Rc8 19. O-O-O Rg8 20. Bf5 Rg7 21. Bxe6 fxe6 22. Bb6 Qd7 23. Nf6+ Bxf6 24.
gxf6 Rg6 25. Rxg6 hxg6 26. Qh6 Qf7 27. Rxd6 Qxf6 28. Be3 Rd8 29. Bg5 Qxg5+ 30. Qxg5 Rxd6 31. Qxg6+ Kd7 32. Qxh5 Kc6 33. Qxe5 Kd7 34. f4 Bc6 35. b3 a5 36. f5 exf5 37. exf5 Rd5 38. Qe6+ Kc7 39.
f6 Rh5 40. f7 Rh1+ 41. Kb2 Rf1 42. Qe7+ Kb6 43. f8=Q Rxf8 44. Qxf8 a4 45. bxa4 bxa4 46. c4 Kc7 47. Kc3 Kb6 48. Qd6 Kb7 49. Kb4 Bh1 50.
Kc5 Ka7 51. Qc7+ Ka8 52. Kb6 Bc6 53. Qa7# 1-0

[Event "*** Titled Tuesday Blitz"]
[Site "Chess.com"]
[Date "2020.11.03"]
[Round "5"]
[White "Azerichess"]
[Black "Radzio1987"]
[Result "1-0"]
[WhiteElo "3017"]
[BlackElo "2807"]
[TimeControl "180+1"]
[EndTime "10:59:21 PST"]
[Termination "Azerichess won by resignation"]

1. d4 Nf6 2. c4 e6 3. Nc3 Bb4 4. Qc2 d5 5. cxd5 Qxd5 6. Nf3 Qf5 7. Qb3 Nc6 8. e3 O-O 9. Be2 a5 10. O-O e5 11. a3 a4 12. Nxa4 Bd6 13. Nc3 exd4 14. Nxd4 Nxd4 15. exd4 Re8 16. Be3 Ng4 17. h3 Nxe3 18. fxe3 Qg6 19. Bd3 Be6 20. Bxg6 Bxb3 21. Be4 c6 22. Kf2 Re7 23. Bf3 f5 24. Rfe1 Rae8 25. g3 g6 26. h4 Kg7 27. a4 Bb4 28. a5 Bc4 29. Ra4 Bxc3 30. bxc3 Ba6 31. Rb4 Kf6 32. c4 Re6 33. d5 cxd5 34. Bxd5 R6e7 35. Rb6+ Kg7 36. Rb3 Rc8 37. Reb1 Rc5 38. Bxb7 Rxa5 39. Bxa6 Rxa6 40. Rb7 Re6 41. Rxe7+ Rxe7 42. Kf3 Rc7 43. Rc1 Kf6 44. e4 Ke5 45. exf5 gxf5 46. c5 Rc6 47. Rc2 h6 48. Rc1 Kf6 49. Kf4 Ke6 50.
Re1+ Kf6 51. Re5 1-0

[Event "*** Titled Tuesday Blitz"]
[Site "Chess.com"]
[Date "2020.11.03"]
[Round "5"]
[White "davidkalashian"]
[Black "ChessLover0108"]
[Result "0-1"]
[WhiteElo "2601"]
[BlackElo "2833"]
[TimeControl "180+1"]
[EndTime "10:59:21 PST"]
[Termination "ChessLover0108 won by checkmate"]

1. d4 Nf6 2. c4 g6 3. Nc3 Bg7 4. e4 O-O 5. Be2 d6 6. Bg5 Na6 7. Qd2 e5 8. d5 Nc5 9. f3 a5 10.
g4 c6 11. h4 cxd5 12. cxd5 Bd7 13. h5 Rb8 14. Bh6 b5 15. Bxg7 Kxg7 16. hxg6 fxg6 17. Qh6+ Kg8 18. f4 Qe7 19. f5 Qg7 20. Qxg7+ Kxg7 21. g5 Nfxe4 22. f6+ Kg8 23. Nxe4 Nxe4 24. Nf3 Rbc8 25. Rg1 b4 26. Nd2 Bf5 27. Nxe4 Bxe4 28. Bg4 Rc2 29.
Be6+ Kh8 30. Rg4 Bf3 31. Rh4 e4 32. Kf1 h5 33. Re1 Rxb2 34. Rf4 Rxa2 35. Kg1 b3 36. Rh4 b2 37. Rh2 Ra1 38. Kf1 Rxe1+ 39. Kxe1 b1=Q+ 40. Kf2 Qb2+ 41. Kg3 Qe5+ 42. Kh4 Qxh2+ 43. Bh3 Qf2# 0-1